 Dungeon Sprint DCSS version 0.26-a0-660-gc07710193c (webtiles) character file.

Game seed: 6659925634098740484

10060 mhtbhm the Bludgeoner (level 11, -6/166 HPs)
             Began as a Minotaur Fighter on Oct 6, 2020.
             Was the Champion of Okawaru.
             Mangled by a sun demon (11 damage)
             ... summoned by an orc sorcerer
             ... in the Dungeon (Sprint IX: "|||||||||||||||||||||||||||||").
             The game lasted 00:02:25 (1981 turns).

mhtbhm the Bludgeoner (Minotaur Fighter)            Turns: 1981, Time: 00:02:25

Health: -6/166     AC: 27    Str: 24    XL:     11   Next: 31%
Magic:  10/10      EV: 11    Int:  5    God:    Okawaru [******]
Gold:   1707       SH: 15    Dex: 13    Spells: 10/10 levels left

rFire    . . .     SeeInvis .   a - +2 morningstar (protect)
rCold    . . .     Faith    .   c - +0 kite shield
rNeg     . . .     Spirit   .   b - +1 chain mail
rPois    .         Reflect  .   (helmet restricted)
rElec    .         Harm     .   o - +0 cloak
rCorr    .         Rampage  .   x - +0 pair of gloves
MR       .....     NoTele   +   y - +0 pair of boots
Stlth    ..........             (no amulet)
HPRegen  0.37/turn              p - +2 ring of protection
MPRegen  0.12/turn              q - +3 ring of dexterity

@: berserking, protection aura, very quick
A: retaliatory headbutt, horns 2
a: Heroism, Finesse, Renounce Religion


You were in the Dungeon.
You worshipped Okawaru.
Okawaru was exalted by your worship.
You visited 1 branch You collected 1707 gold pieces.

Inventory:

Hand Weapons
 a - a +2 morningstar of protection (weapon)
Armour
 b - a +1 chain mail (worn)
 c - a +0 kite shield (worn)
 o - a +0 cloak (worn)
 x - a +0 pair of gloves (worn)
 y - a +0 pair of boots (worn)
Jewellery
 p - a +2 ring of protection (left hand)
 q - a +3 ring of dexterity (right hand)
Wands
 n - a wand of iceblast (9)
Scrolls
 j - 2 scrolls of blinking
 l - 4 scrolls of remove curse
 m - 2 scrolls of amnesia
 s - 3 scrolls of fog
 t - a scroll of immolation
 u - 2 scrolls of enchant armour
 v - 3 scrolls of enchant weapon
 w - a scroll of identify
Potions
 d - 2 potions of might
 e - 6 potions of curing
 f - 4 potions of heal wounds
 g - a potion of haste
 h - 4 potions of magic
 i - 2 potions of berserk rage
 k - a potion of invisibility
 r - a potion of brilliance


   Skills:
 + Level 14.8 Fighting
 + Level 19.0 Maces & Flails
 + Level 13.2 Armour
 + Level 5.4 Dodging
 + Level 2.0 Stealth
 + Level 16.3 Shields
 + Level 0.4 Evocations


You had 10 spell levels left.
You didn't know any spells.
Your spell library was empty.

Dungeon Overview and Level Annotations

Branches:
Dungeon (1/1)

Altars:
Cheibriados
Dithmenos
Elyvilon
Fedhas
Gozag
Hepliaklqana
Kikubaaqudgha
Makhleb
Nemelex Xobeh
Okawaru
Qazlal
Ru
Sif Muna
Trog
Uskayaw
Vehumet
Wu Jian
Xom
Yredelemnul
Zin
The Shining One
Beogh
Jiyva
Lugonu

Shops:
D ?(}:


Innate Abilities, Weirdness & Mutations

You reflexively headbutt those who attack you in melee.
You have a pair of horns on your head.


Message History

You block the hellwing's attack. The sun demon hits you!
You are engulfed in flames!!
* * * LOW HITPOINT WARNING * * *
You closely miss the sun demon. You headbutt the sun demon.
The sun demon is heavily wounded.
You block the sun demon's attack. The hellwing closely misses you.
The hellwing hits you.
* * * LOW HITPOINT WARNING * * *
You miss the sun demon. You headbutt the sun demon!
The sun demon is severely wounded.
The orc sorcerer gestures wildly while chanting.
You closely miss the sun demon.
The sun demon is severely wounded.
The orc high priest mumbles some strange prayers to Beogh against you.
Beogh smites you!
* * * LOW HITPOINT WARNING * * *
The sun demon hits you!
* * * LOW HITPOINT WARNING * * *
You are engulfed in flames!
You die...

▓.▓.▓†▓.▓.▓
▓)▓.▓.▓.▓)▓
▓.▓.▓†▓.▓.▓
▓[▓.▓.▓.▓∩▓
▓[▓.▓.▓.▓.▓
▓.▓.▓.▓.▓∩▓
▓.▓.▓.▓.▓.▓
▓.▓.▓[▓.▓4▓
▓†▓.▓(▓.▓@▓
▓.▓.▓.▓.▓3▓
▓.▓.▓.▓.▓o▓
▓.▓.▓'▓.▓o▓
▓.▓.▓.▓.▓3▓
▓.▓.▓.▓.▓o▓
▓.▓.▓[▓.▓.▓
▓'▓.▓.▓.▓+▓
▓)▓.▓.▓.▓


You could see a soul eater (summoned), an orc high priest, a sun demon
(summoned), a hellwing (summoned), an orc sorcerer and an orc.

Vanquished Creatures
  A hydra (D)
  A two-headed ogre (D)
  2 orc high priests (D)
  4 orc knights (D)
  2 black mambas (D)
  2 cane toads (D)
  5 polar bears (D)
  A hornet (D)
  A blink frog (D)
  A wraith (D)
  A yak (D)
  7 water moccasins (D)
  10 orc warriors (D)
  4 black bears (D)
  An eye of draining (D)
  A necrophage (D)
  A centaur (D)
  4 bullfrogs (D)
  A howler monkey (D)
  6 orc priests (D)
  A hound (D)
  A jelly (D)
  2 orc wizards (D)
  An iguana (D)
  A worm (D)
  12 orcs (D)
  A giant cockroach (D)
  A quokka (D)
  A ball python zombie (D)
  A bat (D)
  A frilled lizard (D)
  A jackal zombie (D)
  A kobold (D)
  2 rats (D)
83 creatures vanquished.

Notes
Turn   | Place    | Note
-------+----------+-------------------------------------------
     0 | D        | mhtbhm the Minotaur Fighter began the quest for the Orb.
     0 | D        | Reached XP level 1. HP: 19/19 MP: 0/0
    78 | D        | Noticed an iguana
    78 | D        | Noticed a centaur
    83 | D        | Reached skill level 3 in Maces & Flails
    83 | D        | Reached XP level 2. HP: 28/28 MP: 1/1
    84 | D        | Reached skill level 5 in Fighting
    84 | D        | Reached skill level 5 in Armour
    84 | D        | Reached skill level 5 in Shields
    84 | D        | Reached XP level 3. HP: 36/36 MP: 2/2
    93 | D        | Killed a centaur
    93 | D        | Reached skill level 5 in Maces & Flails
    93 | D        | Reached skill level 1 in Dodging
    93 | D        | Reached XP level 4. HP: 43/45 MP: 3/3
    98 | D        | Found a roughly hewn altar of Beogh.
    98 | D        | Found a snail-covered altar of Cheibriados.
    98 | D        | Found a shadowy altar of Dithmenos.
    98 | D        | Found a white marble altar of Elyvilon.
    98 | D        | Found a blossoming altar of Fedhas.
    98 | D        | Found an opulent altar of Gozag.
    99 | D        | Found a hazy altar of Hepliaklqana.
   100 | D        | Found a viscous altar of Jiyva.
   101 | D        | Found an ancient bone altar of Kikubaaqudgha.
   102 | D        | Found a corrupted altar of Lugonu.
   103 | D        | Found a burning altar of Makhleb.
   104 | D        | Found a sparkling altar of Nemelex Xobeh.
   105 | D        | Found an iron altar of Okawaru.
   106 | D        | Found a stormy altar of Qazlal.
   107 | D        | Found a sacrificial altar of Ru.
   108 | D        | Found a shimmering blue altar of Sif Muna.
   109 | D        | Found a bloodstained altar of Trog.
   110 | D        | Found a hide-covered altar of Uskayaw.
   111 | D        | Found a radiant altar of Vehumet.
   112 | D        | Found an ornate altar of the Wu Jian Council.
   113 | D        | Became a worshipper of Warmaster Okawaru
   114 | D        | Found a shimmering altar of Xom.
   115 | D        | Found a basalt altar of Yredelemnul.
   116 | D        | Found a glowing silver altar of Zin.
   117 | D        | Found a glowing golden altar of the Shining One.
   168 | D        | Noticed a wraith
   168 | D        | Noticed a necrophage
   168 | D        | Noticed a yak
   168 | D        | Noticed a bullfrog
   173 | D        | Killed a wraith
   173 | D        | Reached skill level 7 in Maces & Flails
   173 | D        | Reached XP level 5. HP: 35/53 MP: 4/4
   179 | D        | Killed a necrophage
   179 | D        | Reached * piety under Okawaru
   179 | D        | Reached skill level 8 in Maces & Flails
   179 | D        | Reached XP level 6. HP: 42/62 MP: 5/5
   184 | D        | Reached skill level 9 in Maces & Flails
   190 | D        | Killed a yak
   192 | D        | Reached skill level 10 in Maces & Flails
   192 | D        | Reached XP level 7. HP: 51/70 MP: 6/6
   282 | D        | Noticed a two-headed ogre
   285 | D        | Reached ** piety under Okawaru
   296 | D        | Killed a two-headed ogre
   296 | D        | Reached *** piety under Okawaru
   296 | D        | Reached skill level 10 in Fighting
   296 | D        | Reached skill level 12 in Maces & Flails
   296 | D        | Reached skill level 10 in Armour
   296 | D        | Reached XP level 8. HP: 32/80 MP: 0/7
   300 | D        | Reached skill level 13 in Maces & Flails
   548 | D        | Noticed a cane toad
   548 | D        | Noticed a black mamba
   558 | D        | Killed a cane toad
   558 | D        | Reached **** piety under Okawaru
   558 | D        | Reached skill level 14 in Maces & Flails
   560 | D        | Reached XP level 9. HP: 73/89 MP: 8/8
   567 | D        | Killed a black mamba
   570 | D        | Reached skill level 15 in Maces & Flails
   785 | D        | Noticed a black mamba
   785 | D        | Noticed a cane toad
   790 | D        | Reached skill level 1 in Stealth
   797 | D        | Reached ***** piety under Okawaru
   799 | D        | Noticed a four-headed hydra
   804 | D        | Killed a black mamba
   804 | D        | Reached skill level 16 in Maces & Flails
   818 | D        | Killed a four-headed hydra
   818 | D        | Received a gift from Okawaru
   818 | D        | Reached XP level 10. HP: 69/99 MP: 9/9
   822 | D        | Killed a cane toad
   822 | D        | Reached skill level 17 in Maces & Flails
  1331 | D        | Reached skill level 15 in Shields
  1507 | D        | Noticed an orc knight
  1507 | D        | Noticed an orc knight
  1516 | D        | Reached skill level 18 in Maces & Flails
  1529 | D        | Killed an orc knight
  1539 | D        | Killed an orc knight
  1539 | D        | Reached skill level 5 in Dodging
  1545 | D        | Reached ****** piety under Okawaru
  1556 | D        | Reached XP level 11. HP: 40/108 MP: 10/10
  1559 | D        | Received a gift from Okawaru
  1891 | D        | Found Xaomukat's Magic Scroll Emporium.
  1891 | D        | Noticed an orc high priest
  1891 | D        | Noticed an orc knight
  1899 | D        | Killed an orc high priest
  1904 | D        | Noticed an orc high priest
  1909 | D        | Noticed a sun demon
  1911 | D        | Noticed an orc knight
  1916 | D        | Killed an orc knight
  1917 | D        | Found Mougusiate's Antique Weapon Shoppe.
  1925 | D        | Killed an orc high priest
  1927 | D        | Found Puugiga's Gadget Emporium.
  1934 | D        | Killed an orc knight
  1934 | D        | Reached skill level 19 in Maces & Flails
  1961 | D        | Found Bel Ulus's Book Shoppe.
  1965 | D        | Noticed an orc sorcerer
  1965 | D        | Noticed an orc high priest
  1967 | D        | Noticed a soul eater
  1968 | D        | Noticed a sun demon
  1981 | D        | HP: 5/166 [sun demon[an orc sorcerer] (15)]
  1981 | D        | Mangled by a sun demon

Illustrated notes

Levels and vault maps discovered:
D:        linesprint [early_d, line_temple, items_1, d_10, items_2, lair_1,
          lair_end, items_3, orc_1, orc_end, items_4, d_15, swamp_1, shoals_1,
          snake_1, spider_1, d_20, vaults_1, items_5, swamp_end, shoals_end,
          snake_end, spider_end, vaults_end, d_27, items_6, zot_1, zot_end,
          crypt_end, forest_end, elf_end, slime_end, tomb_end, abyss_end,
          pan_hell_end]

Skill      XL: |  1  2  3  4  5  6  7  8  9 10 11 |
---------------+----------------------------------+-----
Fighting       | 4 5 6 8 9 10 11 12 13 14 | 14.8
Armour         | 4 5 6 7 8 9 10 11 12 13 | 13.2
Shields        | 4 5 6 8 9 11 12 13 15 16 | 16.3
Maces & Flails | 3 5 7 8 10 12 14 16 18 19 | 19.0
Dodging        | 1 2 3 4 5 |  5.4
Stealth        | 1 2 |  2.0
Evocations     | |  0.4

Action                   |  1- 3 |  4- 6 |  7- 9 | 10-12 || total
-------------------------+-------+-------+-------+-------++-------
Melee: Flail             |    42 |       |       |       ||    42
       Headbutt          |     2 |     6 |    16 |    47 ||    71
       Morningstar       |       |    24 |    85 |   203 ||   312
Evoke: Wand              |       |       |       |     1 ||     1
  Use: Potion            |       |       |       |     2 ||     2
Armor: Scale mail        |    18 |       |       |       ||    18
       Chain mail        |       |     7 |    31 |    35 ||    73
Dodge: Dodged            |    11 |     3 |    18 |    28 ||    60
Block: Kite shield       |    26 |    12 |    39 |    87 ||   164

Table legend: (Time is in decaauts)
 A = Elapsed time spent in this place.
 B = Non-inter-level travel time spent in this place.
 C = Inter-level travel time spent in this place.
 D = Time resting spent in this place.
 E = Time spent auto-exploring this place.
 F = Levels seen in this place.
 G = Mean time per level.
                   A        B        C        D        E       F      G
               +--------+--------+--------+--------+--------+-----+--------+
         Total |   1922 |   1922 |      0 |    948 |    283 |   1 | 1922.0 |
       Dungeon |   1922 |   1922 |      0 |    948 |    283 |   1 | 1922.0 |
               +--------+--------+--------+--------+--------+-----+--------+

Top non-repeatable levels by time:
       D: 1922 daAuts
